 Seeded DCSS version 0.29-a0-88-g03a7b78be7 (webtiles) character file.

Game seed: 99999999999011 (custom seed)

19017 knot the Severer (level 12, 84/84 HPs)
             Began as a Demonspawn Berserker on Feb 5, 2022.
             Was an Elder of Trog.
             Quit the game on level 2 of the Lair of Beasts.
             The game lasted 00:15:41 (19988 turns).

knot the Severer (Demonspawn Berserker)            Turns: 19988, Time: 00:15:42

Health: 84/84      AC: 22    Str: 24    XL:     12   Next: 32%
Magic:  12/12      EV: 24    Int: 14    God:    Trog [****..]
Gold:   363        SH:  0    Dex: 12    Spells: 11/11 levels left

rFire   . . .      SeeInvis .   a - +1 hand axe
rCold   + . .      Faith    .   (no shield)
rNeg    . . .      Spirit   +   z - +5 chain mail {rC+}
rPois   .          Reflect  .   (helmet restricted)
rElec   .          Harm     .   I - +2 cloak
rCorr   .          Rampage  .   G - +1 pair of gloves
Will    .....                   T - +2 pair of boots
Stlth   ..........              F - amulet of the acrobat
HPRegen 0.24/turn               S - +6 ring of strength
MPRegen 0.26/turn               (no ring)

@: acrobatic
A: horns 2, magic shield, magic regeneration, magic link, sanguine armour 2
a: Renounce Religion, Berserk, Trog's Hand, Brothers in Arms


You were on level 2 of the Lair of Beasts.
You worshipped Trog.
Trog was greatly pleased with you.
You visited 2 branches of the dungeon, and saw 15 of its levels.
You also visited: Sewer.

You collected 550 gold pieces.
You spent 187 gold pieces at shops.

Inventory:

Hand Weapons
 a - a +1 hand axe (weapon)
 M - a +3 bardiche of venom
 N - a +2 scimitar of flaming
Missiles
 e - 19 poisoned darts (quivered)
 g - 300 stones
 k - 110 sling bullets
 n - 207 arrows
 o - 6 boomerangs
 u - 26 bolts
Armour
 z - a +5 chain mail of cold resistance (worn)
 E - a +0 ring mail of fire resistance
 G - a +1 pair of gloves (worn)
 I - a +2 cloak (worn)
 T - a +2 pair of boots (worn)
Jewellery
 A - a +6 ring of intelligence
 F - an amulet of the acrobat (around neck)
 J - a ring of fire
 P - a ring of fire
 S - a +6 ring of strength (left hand)
Wands
 y - a wand of charming (7)
 H - a wand of mindburst (20)
 Q - a wand of paralysis (3)
 U - a wand of iceblast (3)
Scrolls
 b - 3 scrolls of teleportation
 c - 3 scrolls of blinking
 d - 6 scrolls of identify
 j - 2 scrolls of immolation
 l - 3 scrolls of fear
 p - 4 scrolls of noise
 B - a scroll of enchant weapon
Potions
 f - a potion of ambrosia {unknown}
 h - 3 potions of mutation {unknown}
 i - 3 potions of haste {unknown}
 m - 6 potions of curing
 q - 4 potions of heal wounds {unknown}
 r - a potion of degeneration {unknown}
 s - 3 potions of attraction {unknown}
 t - 2 potions of berserk rage
 v - 4 potions of flight
 w - a potion of invisibility {unknown}
 x - 2 potions of magic {unknown}
 D - a potion of might {unknown}


   Skills:
 - Level 4.7 Fighting
 + Level 17.7 Axes
 - Level 3.8 Armour
 - Level 3.7 Dodging


You had 11 spell levels left.
You didn't know any spells.
Your spell library contained the following spells:

 Spells                   Type           Power      Damage    Failure   Level
 Sandblast                Erth           0%         2d4       90%         1
 Shock                    Conj/Air       0%         1d3       90%         1
 Passwall                 Tmut/Erth      0%         N/A       97%         2
 Stone Arrow              Conj/Erth      0%         3d7       99%         3
 Swiftness                Air            0%         N/A       99%         3
 Airstrike                Air            0%         N/A       100%        4


Dungeon Overview and Level Annotations

Branches:
Dungeon (12/15)            Temple (0/1) D:7            Lair (3/6) D:10
 Shoals (0/4) Lair:2        Sewer (visited)
  Snake: Lair:2-4    Spider: Lair:2-4       Orc: D:9-12

Altars:
Ashenzari
Cheibriados
Dithmenos
Elyvilon
Gozag
Hepliaklqana
Makhleb
Nemelex Xobeh
Trog
Wu Jian
Xom
Yredelemnul
Zin
The Shining One

Shops:
D:1 ?   D:3 [?:=   D:9 (


Innate Abilities, Weirdness & Mutations

You have a pair of horns on your head.
When hurt, damage is shared between your health and your magic reserves.
You regenerate magic rapidly.
When low on magic, you restore magic in place of health.
When seriously injured, your blood forms thick armour. (AC +0)


Message History

You slash the yak!
The yak is almost dead.
You hit the yak but do no damage. You slash the yak!
You kill the yak!
Trog accepts your kill.
You hit the yak. You hit the yak.
The yak is heavily wounded.
The yak gores you.
You slash the yak!
The yak is severely wounded.
You slash the yak!
You feel the power of Trog in you as your rage grows.
You kill the yak!
Trog accepts your kill.
No target in view!
A water moccasin comes into view.
You feel a strong urge to attack something.
The water moccasin hisses angrily.
A water moccasin is nearby!
A water moccasin is nearby!
A water moccasin is nearby!
A water moccasin is nearby!
A water moccasin is nearby!
There is a stone staircase leading up here.
You feel your anger nearly subside.
You are no longer berserk.
You are exhausted.
You feel yourself slow down.
You climb upwards.
There is a stone staircase leading down here.
You start resting.
HP restored.
You start waiting.
You feel yourself speed up.
You start waiting.
You recover from your berserk rage.
You start waiting.
Done waiting.
Are you sure you want to abandon this character and quit the game? (Confirm with "yes".)

###..>.#.## ###..#......##
###.#.......###............#
#........#...#..P.......#.####
#....#..#......##.#....#### #.
#.......#....##.#...#..# ##.
###...........#.#...########..
##.....##.#.##.....## #...<.
#....####..........###.....
###.....#...@.........†......
###.#..............#....###.#P#
#.#...#......#.........## #####
##.....#.....###...<...# #..
#.....#..#.###........# ###..
#.......#####....#..#.####....
#####......#.....#.##.##.P.##....
...##..#...#....^.###..#........#
...#...........#### #.#.....###.#


There were no monsters in sight!

Vanquished Creatures
  3 hydras
  Erica (D:9)
  2 two-headed ogres
  A cane toad (Lair:2)
  A rime drake (Lair:1)
  2 komodo dragons
  A merfolk (Lair:2)
  4 trolls
  A hornet (D:8)
  7 dream sheep (Lair:2)
  3 basilisks
  32 yaks
  3 wyverns
  Grum (D:11)
  3 steam dragons (D:8)
  Edmund (D:5)
  8 water moccasins
  An orc warrior (D:11)
  A sky beast (D:7)
  2 ice beasts (D:6)
  5 black bears
  A necrophage (D:2)
  4 wolves
  5 centaurs
  4 ogres
  A phantom (D:6)
  Blork the orc (D:5)
  2 kobold brigands
  A gnoll sergeant (D:9)
  4 bullfrogs
  4 scorpions
  A water moccasin skeleton (D:4)
  16 killer bees
  4 howler monkeys
  An electric eel (D:7)
  2 bullfrog zombies (D:6)
  2 centaur zombies
  4 hounds
  A jelly (D:5)
  3 orc priests
  A bullfrog skeleton (D:7)
  3 iguanas
  Ijyb (D:5)
  4 orc wizards
  9 gnolls
  11 adders
  2 river rats (Sewer)
  A shadow imp (D:6)
  An ufetubus (D:6)
  2 worms
  2 dart slugs
  17 orcs
  4 bats
  11 endoplasms
  4 giant cockroaches
  8 goblins
  6 hobgoblins
  11 jackals
  9 quokkas
  10 ball pythons
  5 frilled lizards
  20 kobolds
  A quokka skeleton (D:4)
  12 rats
  A spectral kobold (D:5)
300 creatures vanquished.

Vanquished Creatures (others)
  A bush (D:10)
  8 fungi
  25 plants
34 creatures vanquished.

Grand Total: 334 creatures vanquished

Notes
Turn   | Place    | Note
-------+----------+-------------------------------------------
     0 | D:1      | knot the Demonspawn Berserker began the quest for the Orb.
     0 | D:1      | Reached XP level 1. HP: 18/18 MP: 1/1
   173 | D:1      | Gained mutation: You have a pair of small horns on your
                  | head. [demonic ancestry]
   173 | D:1      | Reached XP level 2. HP: 19/24 MP: 2/2
   537 | D:1      | Reached skill level 3 in Axes
   869 | D:1      | Found a faded altar of an unknown god.
   914 | D:1      | Gained mutation: You have a pair of horns on your head.
                  | [demonic ancestry]
   914 | D:1      | Reached XP level 3. HP: 29/29 MP: 3/3
  1059 | D:1      | Found Eblyociv's Magic Scroll Shop.
  1140 | D:2      | Noticed a necrophage
  1150 | D:2      | Killed a necrophage
  1151 | D:2      | Reached XP level 4. HP: 37/37 MP: 4/4
  1395 | D:2      | Reached XP level 5. HP: 37/42 MP: 5/5
  1523 | D:2      | Reached ** piety under Trog
  2291 | D:2      | You fall into a shaft and drop 1 floor!
  2291 | D:3      | Noticed an ogre
  2291 | D:3      | Found Wotelox's Antique Armour Shop.
  2294 | D:3      | Killed an ogre
  2295 | D:3      | Reached XP level 6. HP: 48/48 MP: 6/6
  2341 | D:3      | Reached skill level 4 in Axes
  2731 | D:3      | Found Letz's Magic Scroll Shop.
  2804 | D:3      | Found Lyb Kata's Book Shoppe.
  2823 | D:3      | Found Homauryqa's Jewellery Emporium.
  2941 | D:3      | Reached *** piety under Trog
  3560 | D:4      | Gained mutation: When seriously injured, your blood forms
                  | armour. (AC +0) [demonic ancestry]
  3560 | D:4      | Reached XP level 7. HP: 55/55 MP: 7/7
  3574 | D:4      | Found a glowing drain.
  3585 | Sewer    | Entered a sewer
  4181 | D:4      | Found an ornate altar of the Wu Jian Council.
  4192 | D:4      | Reached skill level 5 in Axes
  4535 | D:4      | Reached skill level 6 in Axes
  5004 | D:4      | Found a snail-covered altar of Cheibriados.
  5325 | D:4      | Gained mutation: When seriously injured, your blood forms
                  | thick armour. (AC +0) [demonic ancestry]
  5325 | D:4      | Reached XP level 8. HP: 10/61 MP: 8/8
  5689 | D:4      | Found a shimmering altar of Xom.
  5690 | D:4      | Found a shadowy altar of Dithmenos.
  5824 | D:5      | Entered Level 5 of the Dungeon
  5828 | D:5      | Noticed Ijyb
  5836 | D:5      | Killed Ijyb
  6187 | D:5      | Reached skill level 7 in Axes
  6260 | D:5      | Noticed Edmund
  6279 | D:5      | Killed Edmund
  6389 | D:5      | Found a hazy altar of Hepliaklqana.
  6511 | D:5      | Noticed Blork the orc
  6524 | D:5      | Killed Blork the orc
  6525 | D:5      | Reached skill level 8 in Axes
  7433 | D:6      | Reached skill level 9 in Axes
  7972 | D:6      | Gained mutation: You regenerate magic rapidly. [demonic
                  | ancestry]
  7972 | D:6      | Reached XP level 9. HP: 53/66 MP: 9/9
  8747 | D:7      | Reached skill level 10 in Axes
  8881 | D:7      | Found a staircase to the Ecumenical Temple.
  9242 | D:7      | Reached skill level 11 in Axes
  9478 | D:7      | Found a burning altar of Makhleb.
 10029 | D:8      | Found a basalt altar of Yredelemnul.
 10031 | D:8      | Noticed a profane servitor
 10038 | D:8      | Noticed an angel
 10307 | D:8      | Noticed a two-headed ogre
 10485 | D:8      | Killed a two-headed ogre
 10486 | D:8      | Reached skill level 12 in Axes
 10486 | D:8      | Gained mutation: When hurt, damage is shared between your
                  | health and your magic reserves. [demonic ancestry]
 10486 | D:8      | Reached XP level 10. HP: 38/73 MP: 10/10
 11410 | D:8      | Identified the +10 spear of Kuigog {antimagic, Str+3}
 11680 | D:8      | Found a broken altar of Ashenzari.
 12224 | D:9      | Noticed Erica
 12450 | D:9      | Killed Erica
 12451 | D:9      | Reached skill level 13 in Axes
 12655 | D:9      | Found Noeher's Weapon Shop.
 12926 | D:9      | Found an opulent altar of Gozag.
 12926 | D:9      | Found a sparkling altar of Nemelex Xobeh.
 12953 | D:10     | Entered Level 10 of the Dungeon
 13074 | D:10     | Reached skill level 14 in Axes
 13276 | D:10     | Found a staircase to the Lair.
 14122 | D:10     | Gained mutation: When low on magic, you restore magic in
                  | place of health. [demonic ancestry]
 14122 | D:10     | Reached XP level 11. HP: 34/78 MP: 6/11
 15362 | D:11     | Noticed a two-headed ogre
 15371 | D:11     | Killed a two-headed ogre
 15420 | D:11     | Reached skill level 15 in Axes
 15875 | D:11     | Noticed Grum
 16214 | D:11     | Killed Grum
 16515 | D:11     | Found a bloodstained altar of Trog.
 16703 | D:3      | Bought a pair of runed boots for 187 gold pieces
 16841 | Lair:1   | Entered Level 1 of the Lair of Beasts
 16978 | Lair:1   | Reached **** piety under Trog
 17423 | Lair:1   | Noticed a five-headed hydra
 17432 | Lair:1   | Killed a one-headed hydra
 17433 | Lair:1   | Reached skill level 16 in Axes
 18657 | Lair:2   | Noticed a six-headed hydra
 18677 | Lair:2   | Killed a three-headed hydra
 18678 | Lair:2   | Reached skill level 17 in Axes
 18678 | Lair:2   | Reached XP level 12. HP: 84/84 MP: 10/12
 18773 | Lair:2   | Found a staircase to the Shoals.
 19156 | Lair:2   | Noticed a six-headed hydra
 19167 | Lair:2   | Killed a one-headed hydra
 19988 | Lair:2   | Quit the game

Illustrated notes

Levels and vault maps discovered:
D:1:      elethiomel_arrival_maze, layout_rooms, serial_shops,
          nicolae_shop_hallway_plus, shapermc_ecumenical_altar_venn
D:2:      layout_loops_ring, minmay_heptomino_d4
D:3:      minmay_recursive_quarters, layout_rooms, serial_shops,
          nicolae_shop_stone, shop, shop_scrolls, nicolae_shop_hallway_plus
D:4:      layout_gridville, nicolae_wu_jian_wuxing_cycle, chei_slow_surprise,
          nicolae_overflow_squiral, cheibrodos_sewer_entry_drain
D:5:      layout_basic, nicolae_hepliaklqana_monster_ancestors, uniq_ijyb,
          uniq_edmund, uniq_blork_the_orc
D:6:      layout_loops_ring, st_stairs_4, minmay_misc_feat_nine_boxes,
          chequers_serial_rivers_room_a
D:7:      layout_rooms, nicolae_elyvilon_temple_path, general_overflow_altar,
          minmay_temple_entry_wispy
D:8:      layout_loops_ring, grunt_temple_overflow_holy_war,
          mainiacjoe_overflow_boulevard
D:9:      layout_cave_pools, grunt_temple_overflow_opulence, serial_shops,
          shop_fountains, uniq_erica
D:10:     layout_gridville, kennysheep_mini_moat, minmay_lair_entry_grove
D:11:     layout_roguey, minmay_orc_entry_temple_small,
          nicolae_trove_entry_columns, tgw_trog, uniq_grum
D:12:     layout_gridville
Lair:1:   layout_hall_layers
Lair:2:   layout_misc_corridors, elwin_shoals_entry_rooms
Lair:3:   layout_cellular_growth, spider_nest_entry_webs

Skill      XL: |  1  2  3  4  5  6  7  8  9 10 11 |
---------------+----------------------------------+-----
Armour         | 2 3 |  3.8
Dodging        | 2 3 |  3.7
Axes           | 3 4 6 9 12 14 17 | 17.7
Fighting       | 4 |  4.7

Action                   |  1- 3 |  4- 6 |  7- 9 | 10-12 || total
-------------------------+-------+-------+-------+-------++-------
Melee: Hand axe          |    63 |   165 |   426 |   433 ||  1087
       Headbutt          |     7 |    31 |    81 |   110 ||   229
       Punch             |     1 |       |     5 |    12 ||    18
       Bardiche          |       |       |       |    77 ||    77
       Scimitar          |       |       |       |    23 ||    23
Throw: Dart              |       |     4 |       |     1 ||     5
Invok: Berserk           |     1 |     4 |    11 |    15 ||    31
       Trog's Hand       |       |     2 |     1 |     2 ||     5
Evoke: Wand              |       |       |       |     5 ||     5
  Use: Scroll            |       |     4 |     2 |     6 ||    12
       Potion            |       |       |       |     1 ||     1
 Stab: Sleeping          |     4 |     2 |       |       ||     6
Armor: Animal skin       |     4 |    26 |    20 |       ||    50
       Chain mail        |       |       |   187 |   360 ||   547
Dodge: Dodged            |    39 |   112 |   229 |   266 ||   646

Table legend: (Time is in decaauts)
 A = Elapsed time spent in this place.
 B = Non-inter-level travel time spent in this place.
 C = Inter-level travel time spent in this place.
 D = Time resting spent in this place.
 E = Time spent auto-exploring this place.
 F = Levels seen in this place.
 G = Mean time per level.
                   A        B        C        D        E       F      G
               +--------+--------+--------+--------+--------+-----+--------+
         Total |  20181 |  19412 |    769 |   7218 |  10107 |  16 | 1261.3 |
       Dungeon |  16593 |  15866 |    727 |   6632 |   7508 |  12 | 1382.8 |
          Lair |   3105 |   3063 |     42 |    586 |   2196 |   3 | 1035.0 |
         Sewer |    482 |    482 |      0 |      0 |    402 |   1 |  482.0 |
               +--------+--------+--------+--------+--------+-----+--------+

Top non-repeatable levels by time:
    D:10: 2417 daAuts
     D:4: 2029 daAuts
     D:8: 1904 daAuts
  Lair:2: 1830 daAuts
     D:7: 1688 daAuts
     D:5: 1534 daAuts
     D:6: 1460 daAuts
  Lair:1: 1259 daAuts
     D:1: 1233 daAuts
     D:3: 1199 daAuts
     D:2: 1087 daAuts
    D:11: 939 daAuts
     D:9: 789 daAuts
   Sewer: 482 daAuts
    D:12: 309 daAuts
